[Event "2026 European Womens Championship"]
[Site "Batumi, GE"]
[Date "2026.05.30"]
[Round "6"]
[White "Chanturia, Lika"]
[Black "Saltkhutsishvili, Sara"]
[Result "0-1"]
[Board "128"]
[TimeControl "5400+30"]
[WhiteFideId "13618857"]
[BlackFideId "13636995"]
[WhiteElo "1649"]
[BlackElo "1763"]
[WhiteClock "0:09:40"]
[BlackClock "0:17:59"]
[Variant "Standard"]

1. e4 c5 2. Nf3 Nc6 3. Bb5 g6 4. O-O Bg7 5. Re1 Nf6 6. c3 O-O 7. h3 a6 8. Bf1 d5 9. e5 Nd7 10. d4 e6 11. Bg5 Qc7 12. Nbd2 b5 13. g3 Qb6 14. Nb3 a5 15. Qd2 b4 16. Bh6 a4 17. dxc5 bxc3 18. Qxc3 Qa7 19. Bxg7 Kxg7 20. Nbd4 Nxd4 21. Qxd4 Nxc5 22. Rac1 Nd7 23. Bb5 Nb6 24. Qf4 Qa5 25. Qf6+ Kg8 26. Bc6 Rb8 27. Ng5 Bb7 28. Re3 Bxc6 29. Rxc6 Nd7 30. Qe7 Qd8 31. Qxd8 Rfxd8 32. Ra6 Nc5 33. Ra7 d4 34. Re2 Rd5 35. f4 Rf8 36. Ra5 h6 37. Nf3 Rc8 38. Rd2 Ne4 39. Rxd4 Rxa5 40. Rxe4 Rc2 41. b4 axb3 42. axb3 Ra3 43. Re3 Ra1+ 44. Ne1 Rb2 45. h4 Kf8 46. Kf1 Ke8 47. Rd3 Ke7 48. Rc3 Kd7 49. Rd3+ Kc6 50. Rd6+ Kb5 51. Rd3 Kc5 52. b4+ Kxb4 53. Re3 Kc4 54. Re2 Raa2 55. Re4+ Kd5 56. Re3 Rf2+ 57. Kg1 Rfe2 58. Rxe2 Rxe2 59. Kf1 Ra2 60. Nf3 Ke4 61. Ne1 Ke3 0-1

[Event "2026 European Womens Championship"]
[Site "Batumi, GE"]
[Date "2026.05.30"]
[Round "6"]
[White "Kedelidze, Aneta"]
[Black "Vakhania, Aleksandra"]
[Result "0-1"]
[Board "129"]
[TimeControl "5400+30"]
[WhiteFideId "13626191"]
[BlackFideId "13602560"]
[WhiteElo "1676"]
[BlackElo "2079"]
[BlackTitle "WIM"]
[WhiteClock "0:30:05"]
[BlackClock "0:49:45"]
[Variant "Standard"]

1. d4 d5 2. c4 c6 3. Nf3 e6 4. e3 f5 5. Nc3 Nf6 6. g3 Bd6 7. Bg2 O-O 8. O-O Nbd7 9. Qe2 Ne4 10. Nd2 b6 11. f3 Nxd2 12. Bxd2 Ba6 13. b3 e5 14. Rfc1 Qf6 15. Qf2 dxc4 16. d5 Nc5 17. Rcb1 cxb3 18. axb3 Bd3 19. b4 Na6 20. Rb3 Bc4 21. Rba3 Nxb4 22. Rxa7 Rxa7 23. Rxa7 cxd5 24. Qe1 Bc5 25. Na4 Nc6 26. Rb7 Ba6 27. Nxc5 Bxb7 28. Nd7 Qd8 29. Nxf8 Kxf8 30. Bh3 g6 31. e4 dxe4 32. Bh6+ Kg8 33. fxe4 Qd4+ 34. Be3 Qxe4 35. Bg2 Qd3 36. Qc1 Nd4 37. Bd5+ Kf8 38. Bh6+ Ke8 39. Bf7+ Kd7 40. Qb2 Qf3 41. Be6+ Kxe6 42. Qxb6+ Bc6 0-1

[Event "2026 European Womens Championship"]
[Site "Batumi, GE"]
[Date "2026.05.30"]
[Round "6"]
[White "Khairova, Evelina"]
[Black "Recica, Jona"]
[Result "1-0"]
[Board "130"]
[TimeControl "5400+30"]
[WhiteFideId "2845768"]
[BlackFideId "22105239"]
[WhiteElo "1880"]
[BlackElo "1842"]
[WhiteClock "0:05:05"]
[BlackClock "0:09:18"]
[Variant "Standard"]

1. e4 e5 2. Nf3 Nc6 3. d4 exd4 4. Nxd4 Qf6 5. Nb3 a5 6. Nc3 a4 7. Nd5 Qd8 8. Nd4 Nxd4 9. Qxd4 d6 10. Bd3 c6 11. Nb6 c5 12. Bb5+ Bd7 13. Bxd7+ Ke7 14. Bg5+ Nf6 15. Nd5+ Kxd7 16. Qc4 Qa5+ 17. Bd2 Qa6 18. Nxf6+ gxf6 19. Qxf7+ Be7 20. a3 Qb5 21. O-O-O Raf8 22. Qd5 Qc6 23. Qf5+ Kc7 24. Bf4 Rd8 25. Rd5 b6 26. Rhd1 Qd7 27. Qh5 Qe6 28. Qe2 Kc6 29. Qc4 Qg4 30. Qxa4+ Kb7 31. Bg3 h5 32. f3 Qe6 33. Qb5 h4 34. Be1 Qd7 35. Rxc5 Qxb5 36. Rxb5 h3 37. g3 Kc6 38. Rbd5 Bf8 39. Bb4 Be7 40. f4 Kc7 41. Kb1 Kc6 42. c4 Kc7 43. e5 1-0

[Event "2026 European Womens Championship"]
[Site "Batumi, GE"]
[Date "2026.06.01"]
[Round "7"]
[White "Arabidze, Meri"]
[Black "Hnatyshyn, Anastasiia"]
[Result "1-0"]
[Board "49"]
[TimeControl "5400+30"]
[WhiteFideId "13604040"]
[BlackFideId "14198339"]
[WhiteElo "2409"]
[BlackElo "2207"]
[WhiteTitle "IM"]
[BlackTitle "WFM"]
[WhiteClock "0:01:48"]
[BlackClock "0:03:15"]
[Variant "Standard"]

1. d4 d5 2. c4 e6 3. Nc3 Nf6 4. cxd5 exd5 5. Bg5 c6 6. Qc2 h6 7. Bh4 Be7 8. e3 O-O 9. Bd3 Ne8 10. Bg3 Nd6 11. Nge2 a5 12. O-O Na6 13. a3 Nc7 14. Rac1 Ne6 15. h3 Re8 16. Rfd1 Bf8 17. Be5 Ng5 18. Ng3 Nc4 19. Bxc4 dxc4 20. f4 Nh7 21. f5 b5 22. Bf4 Qh4 23. Qf2 Nf6 24. Qf3 b4 25. Na4 Nd5 26. Rxc4 Ba6 27. Rc2 bxa3 28. bxa3 Bxa3 29. Nc5 Bb5 30. Be5 Qg5 31. Bf4 Qh4 32. Be5 Qg5 33. Re1 Bb4 34. Nge4 Qd8 35. Ra1 f6 36. Bg3 Bxc5 37. Rxc5 Bd3 38. Nd6 Rxe3 39. Qg4 Qd7 40. Rcxa5 Rxa5 41. Rxa5 Qd8 42. Ra7 Re7 43. Ra3 Be2 44. Qg6 Nb6 45. Rb3 Nd7 46. Bf4 Nf8 47. Qg3 Kh7 48. Kh2 Bh5 49. Qc3 Bf7 50. Nxf7 Rxf7 51. Qc5 Qd5 52. Qxd5 cxd5 53. Rb8 g5 54. Bd6 Kg7 55. g4 Nh7 56. Rb5 h5 57. Rxd5 Rb7 58. Rc5 Rb2+ 59. Kg3 Rb3+ 60. Kg2 Rd3 61. Rc7+ Kg8 62. Rc8+ Kg7 63. Rc7+ Kg8 64. Bc5 h4 65. Rc8+ Kg7 66. Rd8 Rg3+ 67. Kh2 Rc3 68. Rd7+ Kg8 69. Rd8+ Kg7 70. Rc8 Rc2+ 71. Kg1 Rd2 72. Rc7+ Kg8 73. Kf1 Rd3 74. Kg2 Rg3+ 75. Kh2 Rd3 76. Ra7 Rd2+ 77. Kg1 Rc2 78. Kf1 Rh2 79. Ra3 Kf7 80. Ke1 Rh1+ 81. Ke2 Rh2+ 82. Kf1 Rh1+ 83. Kg2 Rd1 84. Kf3 Re1 85. Re3 Rg1 86. Ke4 Nf8 87. Kd5 Nh7 88. Kc6 1-0

[Event "2026 European Womens Championship"]
[Site "Batumi, GE"]
[Date "2026.06.01"]
[Round "7"]
[White "Vega Gutierrez, Sabrina"]
[Black "Fataliyeva, Ulviyya"]
[Result "1-0"]
[Board "50"]
[TimeControl "5400+30"]
[WhiteFideId "2219026"]
[BlackFideId "13403052"]
[WhiteElo "2375"]
[BlackElo "2450"]
[WhiteTitle "IM"]
[BlackTitle "IM"]
[WhiteClock "0:17:38"]
[BlackClock "0:12:33"]
[Variant "Standard"]

1. e4 c5 2. Nf3 e6 3. d4 cxd4 4. Nxd4 Nc6 5. Nc3 Nf6 6. Qd3 d5 7. exd5 Nb4 8. Qg3 Bc5 9. a3 Nbxd5 10. Nxd5 Qxd5 11. Nb5 O-O 12. Nc3 Qd6 13. Bd3 h6 14. Bf4 Qb6 15. Na4 Qa5+ 16. b4 Qxa4 17. Bxh6 Nh5 18. Qe5 Qc6 19. bxc5 gxh6 20. Qxh5 Kg7 21. Qe5+ f6 22. Qg3+ Kf7 23. Qg6+ Ke7 24. Rb1 Qxc5 25. O-O Qg5 26. Qe4 f5 27. Qe5 Rg8 28. g3 Qg7 29. Qc5+ Kf6 30. Rfe1 b6 31. Qd6 Qd7 32. Qe5+ Kf7 33. Bc4 Rg6 34. Rbd1 Qc6 35. Qxf5+ Kg7 36. Qe5+ Rf6 37. Re4 Bb7 38. Rg4+ Kf7 39. Bxe6+ Qxe6 40. Qc7+ Kf8 41. Qg7+ Ke8 42. Qxb7 Qxg4 43. Re1+ Re6 44. Qxa8+ Ke7 45. Qxa7+ Kf6 46. Rxe6+ Qxe6 47. Qh7 Qe1+ 48. Kg2 Qd2 49. Qd3 1-0

[Event "2026 European Womens Championship"]
[Site "Batumi, GE"]
[Date "2026.06.01"]
[Round "7"]
[White "Bivol, Alina"]
[Black "Ushenina, Anna"]
[Result "0-1"]
[Board "51"]
[TimeControl "5400+30"]
[WhiteFideId "4100123"]
[BlackFideId "14110911"]
[WhiteElo "2361"]
[BlackElo "2420"]
[WhiteTitle "IM"]
[BlackTitle "GM"]
[WhiteClock "0:01:24"]
[BlackClock "0:05:19"]
[Variant "Standard"]

1. e4 c5 2. Nf3 d6 3. d4 cxd4 4. Nxd4 Nf6 5. Bd3 Nc6 6. Be3 g6 7. h3 Bg7 8. c4 Ng4 9. hxg4 Bxd4 10. Bxd4 Nxd4 11. Nc3 e5 12. Qd2 Bxg4 13. f4 h5 14. Nd5 Rc8 15. Qf2 Be6 16. Kf1 Kf8 17. Kg1 Kg7 18. Rf1 Bxd5 19. exd5 f5 20. Rh4 Qf6 21. fxe5 dxe5 22. b3 b6 23. Qg3 Rce8 24. Kh2 f4 25. Rhxf4 exf4 26. Rxf4 h4 27. Qg4 Nf5 28. Rxf5 Qd6+ 29. Qf4 Qxf4+ 30. Rxf4 Re3 31. Rd4 Kf6 32. d6 Rd8 33. b4 Ke5 34. Rd5+ Ke6 35. Bxg6 Rxd6 36. Rh5 Kf6 37. Bh7 Rd4 38. Bg8 Re8 39. Bd5 Kg6 40. Bf3 Rxc4 41. Rd5 Kf6 42. Rd6+ Re6 43. Rd7 Re7 44. Rd6+ Kf5 45. b5 Ra4 46. Rh6 Re1 47. Rh8 Re5 48. Bd1 Rb4 49. Bc2+ Kg5 50. Rg8+ Kf6 51. Rf8+ Kg7 52. Ra8 Re7 53. Kh3 Re3+ 54. Kh2 Ra3 55. Bb3 Rxb5 56. Rg8+ Kf6 57. Rg4 Rh5 58. Kh3 a5 59. Rf4+ Kg5 60. Rd4 b5 61. Rd5+ Kh6 62. Rd6+ Kg7 63. Kg4 Re5 64. Kxh4 a4 65. Rd7+ Kf6 66. Rf7+ Kg6 67. Ra7 Re3 68. Bd5 Re5 69. Ra6+ Kg7 70. Bb3 Re3 71. Bd5 Red3 72. Be6 Rd2 73. g4 Re3 74. Kg5 b4 75. Ra7+ Kf8 76. Bf5 b3 77. axb3 axb3 78. Rb7 b2 79. Kf6 Rd6+ 80. Kg5 Re2 81. Bg6 Ree6 82. Rb8+ Ke7 83. Rb7+ Kd8 84. Bb1 Rb6 85. Rh7 Re1 86. Bc2 b1=Q 87. Bxb1 Rexb1 88. Ra7 Ke8 89. Ra8+ Kf7 90. Ra7+ Rb7 91. Ra4 R7b5+ 92. Kh4 Kg6 93. Ra6+ Rb6 94. Ra3 Rh1+ 95. Kg3 Rb5 96. Kg2 Rhb1 0-1

[Event "2026 European Womens Championship"]
[Site "Batumi, GE"]
[Date "2026.06.01"]
[Round "7"]
[White "Rakhmangulova, Anastasiya"]
[Black "Salimova, Nurgyul"]
[Result "1/2-1/2"]
[Board "52"]
[TimeControl "5400+30"]
[WhiteFideId "14117479"]
[BlackFideId "2915138"]
[WhiteElo "2328"]
[BlackElo "2404"]
[WhiteTitle "WGM"]
[BlackTitle "IM"]
[WhiteClock "0:20:43"]
[BlackClock "0:13:50"]
[Variant "Standard"]

1. e4 e5 2. Nf3 Nf6 3. Nc3 Nc6 4. d4 exd4 5. Nd5 Nb4 6. Nxf6+ Qxf6 7. a3 Nc6 8. Bd3 d6 9. Bb5 a6 10. Bxc6+ bxc6 11. Qxd4 Qxd4 12. Nxd4 c5 13. Ne2 f5 14. Nc3 fxe4 15. O-O Bb7 16. Nxe4 Kd7 17. f3 Re8 18. Bd2 d5 19. Ng3 g6 20. b4 cxb4 21. axb4 Bd6 22. Rfe1 Rxe1+ 23. Rxe1 c5 24. c3 cxb4 25. cxb4 Rc8 26. Rb1 Rc2 27. Be3 Bc6 28. Nf1 Bb5 29. Nd2 Bd3 30. Rb3 Bc4 31. Nxc4 dxc4 32. Ra3 c3 33. Kf1 Bxb4 34. Rxa6 Rb2 35. Ra7+ Kc6 36. Rxh7 Bc5 37. Bxc5 Kxc5 38. Ke1 Rxg2 39. Kd1 Kd4 40. h4 Kd3 41. Rd7+ Ke3 42. Rf7 Rg3 43. Rf6 Kd3 44. Rd6+ Kc4 45. Rf6 Rg1+ 46. Kc2 Rg2+ 47. Kc1 Kd4 48. Re6 c2 49. Re7 Kd3 50. Rd7+ Ke3 51. Rf7 Rh2 52. Rg7 Kxf3 53. Rxg6 Rxh4 54. Kxc2 1/2-1/2

[Event "2026 European Womens Championship"]
[Site "Batumi, GE"]
[Date "2026.06.01"]
[Round "7"]
[White "Kiolbasa, Oliwia"]
[Black "Kulon, Klaudia"]
[Result "1/2-1/2"]
[Board "53"]
[TimeControl "5400+30"]
[WhiteFideId "1154613"]
[BlackFideId "1131044"]
[WhiteElo "2397"]
[BlackElo "2377"]
[WhiteTitle "IM"]
[BlackTitle "IM"]
[WhiteClock "0:02:06"]
[BlackClock "0:35:58"]
[Variant "Standard"]

1. e4 e5 2. Nf3 Nf6 3. d4 Nxe4 4. Bd3 d5 5. Nxe5 Nd7 6. Nc3 Bb4 7. O-O Nxe5 8. dxe5 Nxc3 9. bxc3 Bxc3 10. Rb1 O-O 11. Bxh7+ Kxh7 12. Qd3+ Kg8 13. Qxc3 a5 14. Qg3 Ra6 15. Bg5 Qd7 16. f4 Qf5 17. c3 Rg6 18. h4 Kh7 19. Rbd1 Rc6 20. Rxd5 Be6 21. Rxa5 b6 22. Qf3 bxa5 23. Qxc6 Rb8 24. Rf2 Rb1+ 25. Kh2 Rd1 26. Qf3 Qb1 27. f5 Bd5 28. Qh5+ Kg8 29. e6 Rh1+ 30. Kg3 Qd3+ 31. Rf3 Bxf3 32. Qxf7+ Kh7 33. Qg6+ Kg8 34. Qf7+ Kh7 35. Qg6+ Kg8 1/2-1/2

[Event "2026 European Womens Championship"]
[Site "Batumi, GE"]
[Date "2026.06.01"]
[Round "7"]
[White "Badelka, Olga"]
[Black "Mkrtchyan, Mariam"]
[Result "1-0"]
[Board "54"]
[TimeControl "5400+30"]
[WhiteFideId "13509926"]
[BlackFideId "13310828"]
[WhiteElo "2392"]
[BlackElo "2365"]
[WhiteTitle "IM"]
[BlackTitle "WGM"]
[WhiteClock "0:28:25"]
[BlackClock "0:00:34"]
[Variant "Standard"]

1. Nf3 d5 2. b3 Bf5 3. Bb2 e6 4. g3 h6 5. Bg2 Nf6 6. O-O Be7 7. d3 O-O 8. Nc3 c6 9. Nd2 a5 10. e4 Bh7 11. Kh1 b5 12. a4 b4 13. Ne2 Na6 14. Qe1 c5 15. Nf4 Nc7 16. Qe2 Re8 17. Rae1 Bf8 18. Be5 Rc8 19. exd5 exd5 20. Qf3 Bd6 21. Bb2 Bxf4 22. Qxf4 Ne6 23. Bxf6 Qxf6 24. Qxf6 gxf6 25. Bxd5 Nd4 26. Nc4 Rxe1 27. Rxe1 Rd8 28. Be4 Nxc2 29. Rc1 f5 30. Bb7 Nd4 31. Nxa5 f4 32. gxf4 Bxd3 33. Rxc5 Ne6 34. Rc1 Nxf4 35. Bf3 Ba6 36. Rd1 Nd3 37. Rd2 Re8 38. h3 Re1+ 39. Kh2 Rf1 40. Nc6 Nxf2 41. Bg2 1-0

[Event "2026 European Womens Championship"]
[Site "Batumi, GE"]
[Date "2026.06.01"]
[Round "7"]
[White "Buksa, Nataliya"]
[Black "Zherebtsova, Alexandra"]
[Result "0-1"]
[Board "55"]
[TimeControl "5400+30"]
[WhiteFideId "14123622"]
[BlackFideId "24129518"]
[WhiteElo "2392"]
[BlackElo "2242"]
[WhiteTitle "IM"]
[BlackTitle "FM"]
[WhiteClock "0:00:50"]
[BlackClock "0:01:14"]
[Variant "Standard"]

1. e4 c5 2. Nf3 Nc6 3. Nc3 e6 4. d4 cxd4 5. Nxd4 Qc7 6. Be2 a6 7. O-O b5 8. Nxc6 dxc6 9. Be3 Bb7 10. f4 c5 11. Bf3 b4 12. Nb1 Nf6 13. Nd2 Be7 14. Qe2 O-O 15. g4 a5 16. b3 Ba6 17. Nc4 Rad8 18. g5 Nd7 19. Bg2 Nb6 20. Rf3 Nxc4 21. bxc4 f6 22. gxf6 Rxf6 23. Re1 Rf7 24. Rh3 Bf8 25. Rf1 Bc8 26. Rg3 Be7 27. Qh5 Ba6 28. Qe2 Bb7 29. Qg4 Qd7 30. Bf3 Bf6 31. Kh1 Bd4 32. Bc1 Rdf8 33. Rh3 Rf6 34. e5 Rg6 35. Qh4 Bxf3+ 36. Rhxf3 Qc6 37. Qh3 Qe4 38. Bd2 Rf5 39. Re1 Qxe1+ 0-1

[Event "2026 European Womens Championship"]
[Site "Batumi, GE"]
[Date "2026.06.01"]
[Round "7"]
[White "Aydin, Gulenay"]
[Black "Roebers, Eline"]
[Result "0-1"]
[Board "56"]
[TimeControl "5400+30"]
[WhiteFideId "34557431"]
[BlackFideId "1058401"]
[WhiteElo "2204"]
[BlackElo "2389"]
[WhiteTitle "WIM"]
[BlackTitle "IM"]
[WhiteClock "0:02:24"]
[BlackClock "0:00:31"]
[Variant "Standard"]

1. e4 c5 2. Nc3 d6 3. Bb5+ Nd7 4. d4 cxd4 5. Qxd4 e6 6. Nge2 a6 7. Bxd7+ Bxd7 8. O-O Rc8 9. a4 Qa5 10. Qd3 h6 11. Bf4 Qc7 12. Rfd1 e5 13. Bd2 Nf6 14. Ng3 Bg4 15. Re1 Qc4 16. Qe3 Be7 17. h3 Be6 18. Qf3 g6 19. a5 Kf8 20. Nf1 Kg7 21. Ne3 Qc6 22. Ncd5 Bxd5 23. exd5 Qd7 24. c4 Nh7 25. b4 f5 26. Qe2 f4 27. Nd1 Bf6 28. Nc3 Ng5 29. Ne4 f3 30. Bxg5 fxe2 31. Bxf6+ Kh7 32. Bxh8 Kxh8 33. Rac1 Qa4 34. Nxd6 Rc7 35. Rb1 Qc2 36. c5 g5 37. f3 h5 38. Kf2 g4 39. hxg4 hxg4 40. Rbc1 Qd3 41. Rc4 gxf3 42. Rh4+ Kg8 43. gxf3 Rg7 44. Rxe2 Qd1 45. Re1 Qxd5 46. Re2 Qd1 47. Re1 Qd5 48. Ree4 Qd2+ 49. Re2 Rg2+ 50. Kxg2 Qxe2+ 51. Kg3 Qe1+ 52. Kh3 Kg7 53. Re4 Qh1+ 54. Kg3 Qg1+ 55. Kh3 Qf2 56. Rg4+ Kf8 57. Rg3 Qe2 58. Nxb7 Qb5 59. Nd6 Qxb4 60. Ne4 Qxa5 61. Rg6 Qe1 62. Kg4 Qe3 63. Rf6+ Ke7 64. c6 a5 65. Kf5 a4 66. Kxe5 a3 67. Rg6 a2 68. Rg7+ Kf8 69. c7 a1=Q+ 0-1

[Event "2026 European Womens Championship"]
[Site "Batumi, GE"]
[Date "2026.06.01"]
[Round "7"]
[White "Unuk, Laura"]
[Black "Javakhishvili, Lela"]
[Result "1-0"]
[Board "57"]
[TimeControl "5400+30"]
[WhiteFideId "14609215"]
[BlackFideId "13601458"]
[WhiteElo "2289"]
[BlackElo "2442"]
[WhiteTitle "IM"]
[BlackTitle "IM"]
[WhiteClock "0:01:13"]
[BlackClock "0:02:24"]
[Variant "Standard"]

1. c4 Nf6 2. Nc3 e6 3. e4 c5 4. d3 Nc6 5. Bf4 a6 6. g3 d5 7. cxd5 exd5 8. Bg2 Be6 9. Nf3 h6 10. O-O d4 11. Ne2 g5 12. Bd2 Be7 13. Ne1 Qb6 14. b3 Nd7 15. f4 f6 16. Nf3 O-O-O 17. Kh1 Rdg8 18. Qc1 Kb8 19. Rb1 Qb5 20. a4 Qb6 21. b4 cxb4 22. a5 Qc5 23. Qb2 Bg4 24. Nexd4 Nxd4 25. Nxd4 gxf4 26. gxf4 Qxa5 27. Nc2 Be2 28. Nxb4 Qb5 29. Rfe1 Rxg2 30. Kxg2 Rg8+ 31. Kf2 Bh5 32. Nd5 Bc5+ 33. Be3 Qc6 34. d4 Ba3 35. Qc3 Rc8 36. Qxc6 Rxc6 37. Rb3 Rc2+ 38. Kg3 Ra2 39. Nc3 1-0

[Event "2026 European Womens Championship"]
[Site "Batumi, GE"]
[Date "2026.06.01"]
[Round "7"]
[White "Narva, Mai"]
[Black "Arakhamia-Grant, Ketevan"]
[Result "1-0"]
[Board "58"]
[TimeControl "5400+30"]
[WhiteFideId "4500512"]
[BlackFideId "13600168"]
[WhiteElo "2426"]
[BlackElo "2306"]
[WhiteTitle "IM"]
[BlackTitle "GM"]
[WhiteClock "0:06:07"]
[BlackClock "0:00:36"]
[Variant "Standard"]

1. e4 c5 2. Nf3 Nc6 3. d4 cxd4 4. Nxd4 e5 5. Nb5 d6 6. c4 g6 7. N1c3 a6 8. Na3 Bg7 9. Bd3 Be6 10. Be3 Nf6 11. h3 O-O 12. Nc2 Rc8 13. Qd2 Na5 14. b3 b5 15. cxb5 Bxb3 16. Nb4 Nc4 17. Bxc4 Bxc4 18. bxa6 Qa5 19. Nbd5 Bxd5 20. Nxd5 Qxd2+ 21. Bxd2 Nxd5 22. exd5 Ra8 23. a4 e4 24. Rb1 Rxa6 25. a5 Bd4 26. Ke2 f5 27. Rhc1 f4 28. Rc6 Ra7 29. Rxd6 f3+ 30. gxf3 Rxf3 31. Be1 Ra3 32. Rd8+ Kg7 33. d6 Ra2+ 34. Kf1 Kf7 35. Rb4 Bf6 36. Rc8 Ke6 37. Rc7 Rxc7 38. dxc7 Kd7 39. Rc4 Kc8 40. Rxe4 Kxc7 41. Rf4 Be5 42. Rf7+ Kd6 43. Rxh7 Ke6 44. Rb7 Bd4 45. Rb5 Ba7 46. Kg2 Ra1 47. Bc3 Rc1 48. Re5+ Kd6 49. Bd2 Rc2 50. Re2 Kd5 51. Kf3 Ra2 52. Bf4 Ra3+ 53. Kg4 Bd4 54. Bc7 Rc3 55. Bb6 Bxb6 56. axb6 Rb3 57. Kg5 Rxb6 58. f4 Rb4 59. h4 Kd6 60. h5 gxh5 61. f5 h4 62. f6 Rb5+ 63. Kg6 Rb1 64. Rf2 Rg1 65. Kh7 Kd5 1-0

[Event "2026 European Womens Championship"]
[Site "Batumi, GE"]
[Date "2026.06.01"]
[Round "7"]
[White "Khotenashvili, Bella"]
[Black "Hrebenshchykova, Yelyzaveta"]
[Result "1-0"]
[Board "59"]
[TimeControl "5400+30"]
[WhiteFideId "13602640"]
[BlackFideId "14159899"]
[WhiteElo "2415"]
[BlackElo "2309"]
[WhiteTitle "GM"]
[BlackTitle "WGM"]
[WhiteClock "0:14:33"]
[BlackClock "0:14:42"]
[Variant "Standard"]

1. d4 Nf6 2. c4 g6 3. h4 Bg7 4. Nc3 d6 5. e4 e5 6. dxe5 dxe5 7. Qxd8+ Kxd8 8. Nf3 Nbd7 9. h5 c6 10. h6 Bf8 11. Ng5 Ke8 12. Be2 Bd6 13. Be3 Ke7 14. Na4 b6 15. O-O-O Ne8 16. c5 Bc7 17. b4 f6 18. Nf3 b5 19. Nc3 a5 20. a3 Nb8 21. Ne1 Na6 22. Nc2 Be6 23. Kb2 Rd8 24. g3 Rxd1 25. Rxd1 Bc8 26. f4 a4 27. Ne1 Nb8 28. Nd3 Nd7 29. Nf2 exf4 30. gxf4 Nf8 31. Nd3 Be6 32. Bf3 Bb3 33. Rd2 Ne6 34. e5 Nd8 35. Ne2 Rf8 36. Nd4 Bc4 37. Nxc6+ Nxc6 38. Bxc6 Ke6 39. Bd4 g5 40. Be4 f5 41. Bc6 Bd8 42. Be3 g4 43. Ne1 Nc7 44. Rd7 Bb3 45. Bf2 Rg8 46. Bg3 Rh8 47. Ng2 1-0

[Event "2026 European Womens Championship"]
[Site "Batumi, GE"]
[Date "2026.06.01"]
[Round "7"]
[White "Wagner, Dinara"]
[Black "Jarocka, Liwia"]
[Result "1/2-1/2"]
[Board "60"]
[TimeControl "5400+30"]
[WhiteFideId "24157570"]
[BlackFideId "21807558"]
[WhiteElo "2408"]
[BlackElo "2288"]
[WhiteTitle "IM"]
[BlackTitle "FM"]
[WhiteClock "0:01:47"]
[BlackClock "0:04:54"]
[Variant "Standard"]

1. d4 d6 2. Nf3 Nf6 3. c4 g6 4. Nc3 Bg7 5. e4 O-O 6. h3 e5 7. Bg5 exd4 8. Nxd4 Re8 9. Bd3 Nxe4 10. Nxe4 Qxg5 11. O-O Qd8 12. Bc2 d5 13. cxd5 Qxd5 14. Re1 Kf8 15. Nb5 Qxd1 16. Raxd1 Na6 17. Nc5 Bf5 18. Nxa6 Bxc2 19. Naxc7 Bxd1 20. Nxe8 Ba4 21. Nec7 Rd8 22. b3 Bxb5 23. Nxb5 Rd2 24. Kf1 a6 25. Nc7 Bc3 26. g4 Ba5 27. Re8+ Kg7 28. Rc8 Bb6 29. g5 f5 30. f4 Rf2+ 31. Ke1 Rxa2 32. Nd5 Bf2+ 33. Kf1 Bd4 1/2-1/2

[Event "2026 European Womens Championship"]
[Site "Batumi, GE"]
[Date "2026.06.01"]
[Round "7"]
[White "Schneider, Jana"]
[Black "Mammadzada, Gunay"]
[Result "1-0"]
[Board "61"]
[TimeControl "5400+30"]
[WhiteFideId "12924997"]
[BlackFideId "13403729"]
[WhiteElo "2283"]
[BlackElo "2374"]
[WhiteTitle "WGM"]
[BlackTitle "IM"]
[WhiteClock "0:20:26"]
[BlackClock "0:01:19"]
[Variant "Standard"]

1. e4 c5 2. Nf3 e6 3. d4 cxd4 4. Nxd4 Nf6 5. Nc3 d6 6. g4 h6 7. Rg1 Nc6 8. Be3 Nxd4 9. Qxd4 e5 10. Bb5+ Bd7 11. Qd3 Bxb5 12. Qxb5+ Qd7 13. O-O-O Be7 14. f3 a6 15. Qd3 b5 16. a3 Qc6 17. h4 Qc4 18. Qd2 b4 19. axb4 Qxb4 20. g5 hxg5 21. hxg5 Rb8 22. b3 Qa3+ 23. Kb1 Nd7 24. g6 f6 25. Rh1 Rf8 26. Rh7 a5 27. Rxg7 a4 28. Nxa4 Rb5 29. Qc3 Kd8 30. Qc4 Qb4 31. Qxb4 Rxb4 32. Rh1 Re8 33. Rhh7 1-0

[Event "2026 European Womens Championship"]
[Site "Batumi, GE"]
[Date "2026.06.01"]
[Round "7"]
[White "Krasteva, Beloslava"]
[Black "Beydullayeva, Govhar"]
[Result "1/2-1/2"]
[Board "62"]
[TimeControl "5400+30"]
[WhiteFideId "2922029"]
[BlackFideId "13413015"]
[WhiteElo "2285"]
[BlackElo "2368"]
[WhiteTitle "WGM"]
[BlackTitle "WGM"]
[WhiteClock "0:04:17"]
[BlackClock "0:03:22"]
[Variant "Standard"]

1. d4 d5 2. c4 e6 3. Nc3 Bb4 4. e3 Nf6 5. a3 Bxc3+ 6. bxc3 c6 7. cxd5 cxd5 8. a4 O-O 9. Ba3 Re8 10. Bb5 Bd7 11. Bd3 Qc7 12. Qc2 Nc6 13. Nf3 e5 14. dxe5 Nxe5 15. Nxe5 Rxe5 16. Bb2 Rc8 17. h3 Ne4 18. O-O Rg5 19. f4 Rg6 20. Kh2 Re6 21. c4 Nf6 22. cxd5 Qxc2 23. Bxc2 Rxe3 24. Bd4 Nxd5 25. Rf2 Ree8 26. Bxa7 Nb4 27. Bd1 Bc6 28. a5 Ra8 29. Bd4 Nd3 30. Rf1 Re4 31. Bc3 Rc4 1/2-1/2

[Event "2026 European Womens Championship"]
[Site "Batumi, GE"]
[Date "2026.06.01"]
[Round "7"]
[White "Mkrtchian, Lilit"]
[Black "Pogorelskikh, Sofia"]
[Result "1/2-1/2"]
[Board "63"]
[TimeControl "5400+30"]
[WhiteFideId "13300601"]
[BlackFideId "44164548"]
[WhiteElo "2366"]
[BlackElo "2284"]
[WhiteTitle "IM"]
[BlackTitle "WGM"]
[WhiteClock "0:04:20"]
[BlackClock "0:22:01"]
[Variant "Standard"]

1. d4 Nf6 2. Nf3 d5 3. e3 c5 4. Be2 Nc6 5. O-O e6 6. b3 Be7 7. Bb2 O-O 8. Nbd2 b6 9. Ne5 Bb7 10. f4 Ne4 11. Nxe4 dxe4 12. Nxc6 Bxc6 13. c4 a5 14. Qc2 Qc8 15. Rad1 Rd8 16. Rd2 Ra7 17. Rfd1 f5 18. d5 Be8 19. dxe6 Rxd2 20. Qxd2 Bc6 21. Be5 Qxe6 22. Qc3 Bf8 23. Rd8 Rd7 24. Rxd7 Qxd7 25. a4 Bd6 26. Kf2 Qe7 27. Bxd6 Qxd6 28. g3 Be8 29. Qb2 Qh6 30. h4 Qd6 31. Qc3 1/2-1/2

[Event "2026 European Womens Championship"]
[Site "Batumi, GE"]
[Date "2026.06.01"]
[Round "7"]
[White "Milliet, Sophie"]
[Black "Safarli, Josefine"]
[Result "1-0"]
[Board "64"]
[TimeControl "5400+30"]
[WhiteFideId "623725"]
[BlackFideId "12900460"]
[WhiteElo "2361"]
[BlackElo "2253"]
[WhiteTitle "IM"]
[BlackTitle "WGM"]
[WhiteClock "0:02:46"]
[BlackClock "0:09:29"]
[Variant "Standard"]

1. Nf3 d5 2. c4 e6 3. g3 dxc4 4. Qa4+ Nd7 5. Bg2 a6 6. Qxc4 b5 7. Qc2 Bb7 8. Nc3 Ngf6 9. a4 b4 10. Nd1 Ne5 11. Ne3 Nxf3+ 12. Bxf3 Bxf3 13. exf3 c5 14. b3 Be7 15. Bb2 O-O 16. O-O Nd5 17. Rad1 Rc8 18. f4 Bf6 19. Be5 Bxe5 20. fxe5 Qc7 21. Nc4 Ne7 22. Nd6 Rcd8 23. d4 f6 24. Qc4 Nd5 25. dxc5 fxe5 26. Rfe1 Qa7 27. Rd2 Rf3 28. Rxe5 Rc3 29. Qg4 Nc7 30. Rg5 Rc1+ 31. Kg2 Qa8+ 32. Kh3 Rd7 33. Nc4 Re7 34. Rd6 h6 35. Rh5 Rf7 36. Qd4 Qh1 37. Rd8+ Kh7 38. Rxh6+ Kxh6 39. Qh4+ Kg6 40. Ne5+ Kf5 41. Qf4# 1-0

[Event "2026 European Womens Championship"]
[Site "Batumi, GE"]
[Date "2026.06.01"]
[Round "7"]
[White "Mirzoeva, Elmira"]
[Black "Socko, Monika"]
[Result "0-1"]
[Board "65"]
[TimeControl "5400+30"]
[WhiteFideId "4127951"]
[BlackFideId "1106619"]
[WhiteElo "2265"]
[BlackElo "2355"]
[WhiteTitle "WGM"]
[BlackTitle "GM"]
[WhiteClock "0:22:54"]
[BlackClock "0:30:08"]
[Variant "Standard"]

1. d4 Nf6 2. c4 e6 3. Nc3 Bb4 4. Qc2 d6 5. Bd2 c5 6. dxc5 Bxc5 7. Nf3 O-O 8. e3 Nc6 9. a3 d5 10. Rd1 Qe7 11. Be2 Rd8 12. O-O Bd7 13. b4 Bd6 14. cxd5 exd5 15. Qb3 Bg4 16. Rfe1 Rac8 17. h3 Be6 18. Nb5 Bb8 19. Nbd4 Nxd4 20. Nxd4 Qd6 21. f4 Ne4 22. Nxe6 Qxe6 23. Bd3 Rc6 24. b5 Rcc8 25. Bb4 Qb6 26. a4 a5 27. bxa6 bxa6 28. Rb1 Bxf4 29. Bxe4 dxe4 30. Be7 Qxb3 31. Rxb3 Bg3 32. Bxd8 Bxe1 33. Bc7 h5 34. Rb7 h4 35. Rb8 Rxb8 36. Bxb8 Kf8 37. Kf1 Bg3 38. Ba7 Ke7 39. Ke2 Kd6 40. Kd2 Kd5 41. Kc3 Bd6 42. Bb6 Bc5 43. Bd8 f6 44. Kd2 Kc4 45. Ke2 Kb4 46. a5 Kb5 47. Bc7 Bb4 48. g3 Bxa5 49. Bb8 hxg3 50. Bxg3 Kc4 51. h4 Bc3 52. Kd1 Kd3 53. Bf4 Bd2 54. h5 Bxe3 0-1